Detroit Red Wings vs Anaheim Ducks

Created - Monday, November 17, 2025 at 09:51

Goals
1 2 3 T
Detroit Red Wings 1 2 0 3
Anaheim Ducks 1 3 1 5
Shots
1 2 3 T
Detroit Red Wings 3 18 7 28
Anaheim Ducks 10 12 8 30

1st period

1. Anaheim Ducks , Nazem Kadri 28 (William Nylander 57, Esa Lindell 18) at 3:07
2. Detroit Red Wings , Fraser Minten 5 (Cutter Gauthier 44, Jamie Drysdale 21) at 19:47 (PP)

Penalties :
Jayden Struble (DET) for Cross-checking (Minor) at 4:25, Brenden Dillon (ANA) for Fighting (Major) at 11:42, Max Pacioretty (DET) for Fighting (Major) at 11:42, Will Cuylle (ANA) for Slashing (Minor) at 19:34

2nd period

3. Anaheim Ducks , Joshua Morrissey 6 (Chandler Stephenson 31, Alex Killorn 21) at 1:50
4. Anaheim Ducks , William Nylander 44 (Nazem Kadri 49, Mark Scheifele 54) at 3:23 (PP)
5. Detroit Red Wings , Cole Sillinger 18 (Max Pacioretty 23, Jackson LaCombe 48) at 8:22
6. Detroit Red Wings , Fraser Minten 6 (Cutter Gauthier 45, Collin Graf 6) at 12:31
7. Anaheim Ducks , Nazem Kadri 29 (Mark Scheifele 55) at 12:37

Penalties :
Jackson LaCombe (DET) for Delaying the game (Minor) at 3:17, Brenden Dillon (ANA) for Fighting (Major) at 15:30, Collin Graf (DET) for Fighting (Major) at 15:30

3rd period

8. Anaheim Ducks , Mason Marchment 21 (Brayden Schenn 32, John Tavares 34) at 0:52

Penalties :
Mark Scheifele (ANA) for Holding (Minor) at 1:54, Brenden Dillon (ANA) for Tripping (Minor) at 12:05, Nazem Kadri (ANA) for Holding (Minor) at 17:22

Goalie Stats

Laurent Brossoit (DET), 25 saves from 30 shots - (0.833), L, 23-22-7, 60:00 minutes
Linus Ullmark (ANA), 25 saves from 28 shots - (0.893), W, 34-22-6, 60:00 minutes

Players Stats for Detroit Red Wings

Player Name              G  A  P  +/- PIM S  H  SB GA TA FO     MP     PP MP  PK MP  
------------------------------------------------------------------------------------
Cole Sillinger           1  0  1  -1  0   3  0  2  0  0  2/16   19:53   3:04   1:04 
Collin Graf              0  1  1  -1  5   3  2  0  0  0  0/1    18:02   3:06   0:00 
Conor Timmins            0  0  0  -1  0   0  2  0  0  0  0/0    17:29   2:59   1:03 
Cutter Gauthier          0  2  2  -1  0   4  3  1  1  2  8/21   19:30   3:04   0:00 
Fraser Minten            2  0  2  -1  0   3  2  0  0  0  0/1    19:30   3:04   0:00 
Jackson LaCombe          0  1  1   0  2   3  4  0  1  1  0/0    27:04   3:11   0:56 
Jamie Drysdale           0  1  1  -1  0   0  2  1  0  0  0/0    21:50   3:11   0:00 
Jayden Struble           0  0  0  -1  2   1  0  1  0  0  0/0    13:02   0:00   0:00 
Kevin Stenlund           0  0  0   0  0   0  2  1  2  1  3/10   15:18   0:02   1:00 
Max Pacioretty           0  1  1  -1  5   4  4  0  0  0  0/0    16:54   3:04   0:00 
Peyton Krebs             0  0  0   0  0   3  2  0  1  0  0/0    11:49   0:00   0:01 
Raphael Lavoie           0  0  0   0  0   0  0  0  0  0  0/0    10:58   0:00   0:00 
Rasmus Kupari            0  0  0   0  0   2  0  0  0  0  1/2     8:59   0:00   1:00 
Ryan Graves              0  0  0   0  0   1  0  0  0  1  0/0    20:41   0:00   1:02 
Shayne Gostisbehere      0  0  0  -1  0   0  1  0  1  1  0/0    19:57   2:59   1:09 
Tanner Pearson           0  0  0  -1  0   1  2  0  0  1  1/1    18:39   3:04   0:00 
Vasili Podkolzin         0  0  0   0  0   0  0  0  0  0  0/0     9:13   0:02   0:01 
Yakov Trenin             0  0  0   0  0   0  2  0  0  1  0/0     9:03   0:00   1:04 

Players Stats for Anaheim Ducks

Player Name              G  A  P  +/- PIM S  H  SB GA TA FO     MP     PP MP  PK MP  
------------------------------------------------------------------------------------
Alex Killorn             0  1  1  -1  0   5  3  1  1  1  0/0    15:40   0:00   3:09 
Brayden Schenn           0  1  1   1  0   3  3  1  0  0  0/0    20:13   1:05   2:23 
Brenden Dillon           0  0  0   2  12  0  0  2  0  0  0/0    14:09   0:00   1:42 
Chandler Stephenson      0  1  1  -1  0   3  1  0  1  0  9/10   15:23   0:00   3:13 
Esa Lindell              0  1  1   0  0   3  1  0  0  0  0/0    24:28   0:00   3:24 
Ivan Provorov            0  0  0   0  0   1  2  2  0  1  0/0    21:56   0:36   3:31 
J.T. Compher             0  0  0   0  0   1  1  0  0  0  0/0     8:37   0:00   2:20 
John Tavares             0  1  1   1  0   2  2  3  0  0  6/12   17:49   1:05   0:17 
Joshua Morrissey         1  0  1   0  0   1  1  1  0  0  0/0    20:21   1:29   0:52 
Kevin Bahl               0  0  0   2  0   0  2  2  0  1  0/0    15:57   0:00   0:20 
Mark Scheifele           0  2  2   2  2   2  3  0  2  0  19/27  18:54   1:00   0:09 
Mason Marchment          1  0  1   1  0   1  3  0  1  0  1/1    17:39   1:05   0:00 
Morgan Rielly            0  0  0   0  0   0  0  0  0  0  0/0     4:04   1:29   0:00 
Nazem Kadri              2  1  3   2  2   3  2  0  1  2  0/0    18:56   1:00   0:49 
Parker Kelly             0  0  0   0  0   0  1  1  0  0  1/1     6:06   0:00   0:00 
Philip Broberg           0  0  0   0  0   0  0  2  0  0  0/0    19:21   0:36   2:31 
Will Cuylle              0  0  0  -1  2   0  0  0  0  0  0/0    12:09   0:00   0:00 
William Nylander         1  1  2   2  0   5  0  1  2  1  1/1    22:02   1:00   0:00 

3 Stars

1 - Nazem Kadri (ANA)
2 - William Nylander (ANA)
3 - Mason Marchment (ANA)

Power Play

Detroit Red Wings - 1 on 4 Attempt(s) - 25.00%
Anaheim Ducks - 1 on 2 Attempt(s) - 50.00%

Penalty Kill

Detroit Red Wings - 1 on 2 Attempt(s) - 50.00% - Score 0 goal in Penalty Kill
Anaheim Ducks - 3 on 4 Attempt(s) - 75.00% - Score 0 goal in Penalty Kill

Team Stat

Detroit Red Wings - Hits : 28 - Faceoff Wins : 15 - Blocked Shots : 6 - Penalty Minutes : 14
Anaheim Ducks - Hits : 25 - Faceoff Wins : 37 - Blocked Shots : 16 - Penalty Minutes : 18

Official

Referees : Tj Luxmore and Pierre Lambert
Linesman : Kiel Murchison and Kilian McNamara

Game Notes

Brenden Dillon and Max Pacioretty fight to a draw at 11:42 of 1st period
Brenden Dillon and Collin Graf fight to a draw at 15:30 of 2nd period

Finance

Level 1 -- Attendance: 4260 (71.00%) -- Ticket Income $426,000
Level 2 -- Attendance: 3788 (75.76%) -- Ticket Income $227,280
Level 3 -- Attendance: 2130 (71.00%) -- Ticket Income $97,980
Level 4 -- Attendance: 3838 (76.76%) -- Ticket Income $95,950
Luxury Box -- Attendance: 710 (71.00%) -- Ticket Income $142,000
Game was played at the Honda Center.
Total Attendance: 14726 (73.63%)
Total Ticket Income: $989,210
Other Income: $346,224
Total Income: $1,335,434

Detroit Red Wings

5 vs 5 Forward 
   Center                   Left Wing                Right Wing               Time % Phy DF OF 
 1 Cutter Gauthier          Fraser Minten            Collin Graf              35     1   2  2  
 2 Cole Sillinger           Tanner Pearson           Max Pacioretty           35     1   1  3  
 3 Kevin Stenlund           Peyton Krebs             Raphael Lavoie           20     1   2  2  
 4 Rasmus Kupari            Vasili Podkolzin         Yakov Trenin             10     2   2  1  

5 vs 5 Defense 
   Defense                  Defense                                           Time % Phy DF OF 
 1 Ryan Graves              Jackson LaCombe                                   40     1   2  2  
 2 Jamie Drysdale           Shayne Gostisbehere                               30     1   2  2  
 3 Conor Timmins            Jayden Struble                                    20     3   1  1  
 4 Jamie Drysdale           Jackson LaCombe                                   10     1   2  2  

PowerPlay Forward 
   Center                   Left Wing                Right Wing               Time % Phy DF OF 
 1 Cutter Gauthier          Fraser Minten            Collin Graf              50     0   1  4  
 2 Cole Sillinger           Tanner Pearson           Max Pacioretty           50     0   1  4  

PowerPlay Defense
   Defense                  Defense                                           Time % Phy DF OF 
 1 Jamie Drysdale           Jackson LaCombe                                   50     1   2  2  
 2 Conor Timmins            Shayne Gostisbehere                               50     1   2  2  

Penalty Kill 4 Players Forward 
   Center                   Wing                     Time % Phy DF OF 
 1 Kevin Stenlund           Rasmus Kupari            50     2   2  1  
 2 Cole Sillinger           Yakov Trenin             50     2   2  1  

Penalty Kill 4 Players Defense
   Defense                  Defense                  Time % Phy DF OF 
 1 Ryan Graves              Jackson LaCombe          50     2   2  1  
 2 Conor Timmins            Shayne Gostisbehere      50     2   2  1  

Penalty Kill - 3 Players Forward 
   Forward                                           Time % Phy DF OF 
 1 Cutter Gauthier                                   50     1   2  2  
 2 Cole Sillinger                                    50     1   2  2  

Penalty Kill - 3 Players Defense
   Defense                  Defense                  Time % Phy DF OF 
 1 Ryan Graves              Jackson LaCombe          50     1   2  2  
 2 Conor Timmins            Jayden Struble           50     2   2  1  

4 vs 4 Forward 
   Center                   Wing                     Time % Phy DF OF 
 1 Cutter Gauthier          Collin Graf              60     1   2  2  
 2 Cole Sillinger           Fraser Minten            40     1   1  3  

4 vs 4 Defense
   Defense                  Defense                  Time % Phy DF OF 
 1 Ryan Graves              Jackson LaCombe          60     1   2  2  
 2 Jamie Drysdale           Jayden Struble           40     1   2  2  

Last Minutes Offensive
   Center                   Left Wing                Right Wing               Defense                  Defense                  
   Cutter Gauthier          Cole Sillinger           Collin Graf              Jamie Drysdale           Jackson LaCombe          

Last Minutes Defensive
   Center                   Left Wing                Right Wing               Defense                  Defense                  
   Cutter Gauthier          Cole Sillinger           Collin Graf              Jamie Drysdale           Jackson LaCombe          

Goaltenders
Starting : Laurent Brossoit         
Backup : Ville Husso              

Extra Forwards
Normal : Kevin Stenlund, Peyton Krebs, Tanner Pearson - PP : Kevin Stenlund, Tanner Pearson - PK : Yakov Trenin
Extra Defensemen
Normal : Shayne Gostisbehere, Jamie Drysdale, Ryan Graves - PP : Shayne Gostisbehere - PK : Shayne Gostisbehere, Jamie Drysdale
Penalty Shots
Cutter Gauthier, Collin Graf, Cole Sillinger, Max Pacioretty, Fraser Minten

Scratches
Daniel Torgersson (Healthy), Christian Fischer (Healthy), Kasperi Kapanen (Healthy), Jett Woo (Healthy), Vitek Vanecek (Healthy)

Anaheim Ducks

5 vs 5 Forward 
   Center                   Left Wing                Right Wing               Time % Phy DF OF 
 1 Mark Scheifele           Nazem Kadri              William Nylander         40     1   2  2  
 2 John Tavares             Mason Marchment          Brayden Schenn           30     1   2  2  
 3 Chandler Stephenson      Will Cuylle              Alex Killorn             20     1   2  2  
 4 J.T. Compher             Parker Kelly             William Nylander         10     1   2  2  

5 vs 5 Defense 
   Defense                  Defense                                           Time % Phy DF OF 
 1 Esa Lindell              Joshua Morrissey                                  36     1   2  2  
 2 Ivan Provorov            Philip Broberg                                    33     1   2  2  
 3 Kevin Bahl               Brenden Dillon                                    31     1   2  2  
 4 Esa Lindell              Morgan Rielly                                     0      1   2  2  

PowerPlay Forward 
   Center                   Left Wing                Right Wing               Time % Phy DF OF 
 1 Mark Scheifele           Nazem Kadri              William Nylander         50     1   0  4  
 2 John Tavares             Mason Marchment          Brayden Schenn           50     1   0  4  

PowerPlay Defense
   Defense                  Defense                                           Time % Phy DF OF 
 1 Joshua Morrissey         Morgan Rielly                                     60     1   2  2  
 2 Ivan Provorov            Philip Broberg                                    40     1   2  2  

Penalty Kill 4 Players Forward 
   Center                   Wing                     Time % Phy DF OF 
 1 Chandler Stephenson      Alex Killorn             60     1   3  1  
 2 J.T. Compher             Brayden Schenn           40     1   3  1  

Penalty Kill 4 Players Defense
   Defense                  Defense                  Time % Phy DF OF 
 1 Esa Lindell              Ivan Provorov            60     1   4  0  
 2 Brenden Dillon           Philip Broberg           40     1   4  0  

Penalty Kill - 3 Players Forward 
   Forward                                           Time % Phy DF OF 
 1 Chandler Stephenson                               60     1   4  0  
 2 Alex Killorn                                      40     1   4  0  

Penalty Kill - 3 Players Defense
   Defense                  Defense                  Time % Phy DF OF 
 1 Esa Lindell              Ivan Provorov            60     1   4  0  
 2 Brenden Dillon           Philip Broberg           40     1   4  0  

4 vs 4 Forward 
   Center                   Wing                     Time % Phy DF OF 
 1 Mark Scheifele           William Nylander         60     1   2  2  
 2 John Tavares             Nazem Kadri              40     1   2  2  

4 vs 4 Defense
   Defense                  Defense                  Time % Phy DF OF 
 1 Esa Lindell              Joshua Morrissey         60     1   2  2  
 2 Brenden Dillon           Ivan Provorov            40     1   2  2  

Last Minutes Offensive
   Center                   Left Wing                Right Wing               Defense                  Defense                  
   Mark Scheifele           Nazem Kadri              William Nylander         Joshua Morrissey         Philip Broberg           

Last Minutes Defensive
   Center                   Left Wing                Right Wing               Defense                  Defense                  
   Chandler Stephenson      Alex Killorn             Brayden Schenn           Ivan Provorov            Esa Lindell              

Goaltenders
Starting : Linus Ullmark            
Backup : James Reimer             

Extra Forwards
Normal : William Nylander, Mark Scheifele, Nazem Kadri - PP : William Nylander, Nazem Kadri - PK : Chandler Stephenson
Extra Defensemen
Normal : Esa Lindell, Ivan Provorov, Brenden Dillon - PP : Joshua Morrissey - PK : Esa Lindell, Ivan Provorov
Penalty Shots
Chandler Stephenson, Mark Scheifele, Brayden Schenn, Alex Killorn, William Nylander

Scratches
Jonny Brodzinski (Healthy)

% Time on Ice - Detroit Red Wings

Lines # - Real PCT - Wanted PCT - Time Play
Normal Forward
1 - 33% - 35% - 17:13
2 - 30% - 35% - 15:35
3 - 21% - 20% - 10:58
4 - 15% - 10% - 7:59
Normal Defense
1 - 37% - 40% - 19:16
2 - 31% - 30% - 15:49
3 - 25% - 20% - 12:58
4 - 7% - 10% - 3:42
PP Forward
1 - 50% - 50% - 3:06
2 - 50% - 50% - 3:04
PP Defense
1 - 52% - 50% - 3:11
2 - 48% - 50% - 2:59
PK Forward
1 - 49% - 50% - 1:01
2 - 51% - 50% - 1:04
PK Defense
1 - 50% - 50% - 1:02
2 - 50% - 50% - 1:03
PK3 Forward
1 - 0% - 50%
2 - 0% - 50%
PK3 Defense
1 - 0% - 50%
2 - 0% - 50%
44 Forward
1 - 0% - 60%
2 - 0% - 40%
44 Defense
1 - 0% - 60%
2 - 0% - 40%
Last Minute Offensive  - 0:00
Last Minute Defensive  - 0:00
Total
Forward - 60:00
Defense - 60:00

% Time on Ice - Anaheim Ducks

Lines # - Real PCT - Wanted PCT - Time Play
Normal Forward
1 - 33% - 40% - 16:55
2 - 32% - 30% - 16:34
3 - 24% - 20% - 12:10
4 - 12% - 10% - 6:06
Normal Defense
1 - 34% - 36% - 17:51
2 - 31% - 33% - 16:14
3 - 29% - 31% - 15:05
4 - 5% - 0% - 2:35
PP Forward
1 - 48% - 50% - 1:00
2 - 52% - 50% - 1:05
PP Defense
1 - 71% - 60% - 1:29
2 - 29% - 40% - 0:36
PK Forward
1 - 85% - 60% - 5:16
2 - 15% - 40% - 0:54
PK Defense
1 - 54% - 60% - 3:19
2 - 46% - 40% - 2:51
PK3 Forward
1 - 0% - 60%
2 - 0% - 40%
PK3 Defense
1 - 0% - 60%
2 - 0% - 40%
44 Forward
1 - 0% - 60%
2 - 0% - 40%
44 Defense
1 - 0% - 60%
2 - 0% - 40%
Last Minute Offensive  - 0:00
Last Minute Defensive  - 0:00
Total
Forward - 60:00
Defense - 60:00

Play-by-Play

1st period


0:01 of 1st period - Mark Scheifele wins face-off versus Cutter Gauthier in neutral zone.
0:26 of 1st period - Mason Marchment is hit by Max Pacioretty and loses puck.
0:35 of 1st period - Snap shot by John Tavares.
0:35 of 1st period - Stopped by Laurent Brossoit with a rebound.
1:31 of 1st period - Brenden Dillon is hit by Jamie Drysdale and loses puck.
2:31 of 1st period - Snap shot by Chandler Stephenson.
2:31 of 1st period - Deflect By William Nylander.
2:31 of 1st period - Stopped by Laurent Brossoit with a rebound.
3:07 of 1st period - Snap shot by Nazem Kadri.
3:07 of 1st period - Goal by Nazem Kadri - Detroit Red Wings : 0 - Anaheim Ducks : 1.
3:08 of 1st period - John Tavares wins face-off versus Cutter Gauthier in neutral zone.
3:34 of 1st period - Esa Lindell is hit by Tanner Pearson and loses puck.
3:43 of 1st period - Snap shot by Cole Sillinger.
3:43 of 1st period - Deflect By Max Pacioretty.
3:43 of 1st period - Stopped by Linus Ullmark without a rebound.
3:44 of 1st period - Mark Scheifele wins face-off versus Collin Graf in Anaheim Ducks zone.
4:13 of 1st period - Slapshot by Cole Sillinger.
4:13 of 1st period - Stopped by Linus Ullmark with a rebound.
4:25 of 1st period - Minor Penalty to Jayden Struble for Cross-checking.
4:26 of 1st period - Kevin Stenlund wins face-off versus Mark Scheifele in Detroit Red Wings zone.
6:25 of 1st period - Penalty to Jayden Struble is over, Jayden Struble is back on ice.
6:29 of 1st period - Off-side.
6:30 of 1st period - Chandler Stephenson wins face-off versus Cutter Gauthier in neutral zone.
6:35 of 1st period - Wrist shot by Alex Killorn.
6:35 of 1st period - Stopped by Laurent Brossoit with a rebound.
6:43 of 1st period - Wrist shot by Chandler Stephenson.
6:43 of 1st period - Deflect By Alex Killorn.
6:43 of 1st period - Stopped by Laurent Brossoit with a rebound.
6:45 of 1st period - Wrist shot by Alex Killorn.
6:45 of 1st period - Stopped by Laurent Brossoit with a rebound.
7:00 of 1st period - Snap shot by William Nylander.
7:00 of 1st period - Stopped by Laurent Brossoit with a rebound.
7:06 of 1st period - Philip Broberg is hit by Jackson LaCombe and loses puck.
7:21 of 1st period - Max Pacioretty is hit by Mark Scheifele and loses puck.
7:32 of 1st period - Yakov Trenin is hit by Esa Lindell and loses puck.
7:37 of 1st period - Wrist shot by Will Cuylle.
7:37 of 1st period - Shot Misses the Net.
7:49 of 1st period - Cutter Gauthier is hit by Joshua Morrissey and loses puck.
8:17 of 1st period - Philip Broberg is hit by Jackson LaCombe.
8:23 of 1st period - Max Pacioretty is hit by Alex Killorn and loses puck.
8:40 of 1st period - Snap shot by Jackson LaCombe.
8:40 of 1st period - Shot Blocked by Brenden Dillon.
8:42 of 1st period - Wrist shot by Ryan Graves.
8:42 of 1st period - Shot Blocked by Brayden Schenn.
11:27 of 1st period - Collin Graf is hit by Parker Kelly and loses puck.
11:39 of 1st period - Off-side.
11:40 of 1st period - Mark Scheifele wins face-off versus Cole Sillinger in neutral zone.
11:42 of 1st period - Brenden Dillon and Max Pacioretty fight to a draw.
11:42 of 1st period - Penalty to Brenden Dillon for Fighting.
11:42 of 1st period - Penalty to Max Pacioretty for Fighting.
11:43 of 1st period - Cole Sillinger wins face-off versus Mark Scheifele in Detroit Red Wings zone.
12:15 of 1st period - Collin Graf is hit by Brayden Schenn and loses puck.
12:34 of 1st period - Kevin Stenlund is hit by Ivan Provorov and loses puck.
13:42 of 1st period - Alex Killorn is hit by Kevin Stenlund and loses puck.
14:18 of 1st period - Snap shot by William Nylander.
14:18 of 1st period - Stopped by Laurent Brossoit with a rebound.
15:09 of 1st period - Icing by Conor Timmins.
15:10 of 1st period - John Tavares wins face-off versus Cole Sillinger in Detroit Red Wings zone.
16:52 of 1st period - Collin Graf is hit by John Tavares and loses puck.
17:07 of 1st period - J.T. Compher is hit by Conor Timmins and loses puck.
17:37 of 1st period - Shayne Gostisbehere is hit by Nazem Kadri and loses puck.
18:08 of 1st period - Wrist shot by Tanner Pearson.
18:08 of 1st period - Shot Blocked by Kevin Bahl.
18:32 of 1st period - Parker Kelly is hit by Jackson LaCombe and loses puck.
18:53 of 1st period - Wrist shot by Nazem Kadri.
18:53 of 1st period - Stopped by Laurent Brossoit without a rebound.
18:54 of 1st period - Mark Scheifele wins face-off versus Kevin Stenlund in Detroit Red Wings zone.
19:21 of 1st period - Icing by Chandler Stephenson.
19:22 of 1st period - Chandler Stephenson wins face-off versus Cutter Gauthier in Anaheim Ducks zone.
19:34 of 1st period - Minor Penalty to Will Cuylle for Slashing.
19:35 of 1st period - Chandler Stephenson wins face-off versus Cutter Gauthier in Anaheim Ducks zone.
19:47 of 1st period - Snap shot by Fraser Minten.
19:47 of 1st period - Goal by Fraser Minten - Detroit Red Wings : 1 - Anaheim Ducks : 1.
19:48 of 1st period - William Nylander wins face-off versus Cole Sillinger in neutral zone.
19:51 of 1st period - Snap shot by Mark Scheifele.
19:51 of 1st period - Stopped by Laurent Brossoit with a rebound.
Goals for this period are 1 for Detroit Red Wings vs 1 for Anaheim Ducks.
Shots for this period are 3 for Detroit Red Wings vs 10 for Anaheim Ducks.

2nd period


0:01 of 2nd period - Mark Scheifele wins face-off versus Cole Sillinger in neutral zone.
0:49 of 2nd period - Slapshot by Shayne Gostisbehere.
0:49 of 2nd period - Shot Misses the Net.
1:05 of 2nd period - Parker Kelly is hit by Yakov Trenin and loses puck.
1:13 of 2nd period - Slapshot by Joshua Morrissey.
1:13 of 2nd period - Shot Misses the Net.
1:23 of 2nd period - Snap shot by Rasmus Kupari.
1:23 of 2nd period - Shot Blocked by John Tavares.
1:50 of 2nd period - Slapshot by Joshua Morrissey.
1:50 of 2nd period - Deflect By Fraser Minten.
1:50 of 2nd period - Goal by Joshua Morrissey - Detroit Red Wings : 1 - Anaheim Ducks : 2.
1:51 of 2nd period - Mark Scheifele wins face-off versus Cole Sillinger in neutral zone.
2:28 of 2nd period - Icing by John Tavares.
2:29 of 2nd period - Cole Sillinger wins face-off versus John Tavares in Anaheim Ducks zone.
2:41 of 2nd period - Icing by Joshua Morrissey.
2:42 of 2nd period - Cutter Gauthier wins face-off versus John Tavares in Anaheim Ducks zone.
2:43 of 2nd period - Wrist shot by Fraser Minten.
2:43 of 2nd period - Shot Blocked by Joshua Morrissey.
2:45 of 2nd period - Slapshot by Collin Graf.
2:45 of 2nd period - Shot Misses the Net.
2:47 of 2nd period - Slapshot by Ryan Graves.
2:47 of 2nd period - Shot Misses the Net.
2:49 of 2nd period - Wrist shot by Fraser Minten.
2:49 of 2nd period - Shot Misses the Net.
2:51 of 2nd period - Slapshot by Cutter Gauthier.
2:51 of 2nd period - Stopped by Linus Ullmark with a rebound.
2:53 of 2nd period - Snap shot by Jackson LaCombe.
2:53 of 2nd period - Deflect By Brayden Schenn.
2:53 of 2nd period - Stopped by Linus Ullmark without a rebound.
2:54 of 2nd period - Mark Scheifele wins face-off versus Cole Sillinger in Anaheim Ducks zone.
3:17 of 2nd period - Minor Penalty to Jackson LaCombe for Delaying the game.
3:18 of 2nd period - Mark Scheifele wins face-off versus Kevin Stenlund in Detroit Red Wings zone.
3:23 of 2nd period - Snap shot by William Nylander.
3:23 of 2nd period - Goal by William Nylander - Detroit Red Wings : 1 - Anaheim Ducks : 3.
3:24 of 2nd period - Mark Scheifele wins face-off versus Cutter Gauthier in neutral zone.
3:39 of 2nd period - Esa Lindell is hit by Fraser Minten and loses puck.
4:00 of 2nd period - Snap shot by Brayden Schenn.
4:00 of 2nd period - Shot Misses the Net.
4:02 of 2nd period - Slapshot by Esa Lindell.
4:02 of 2nd period - Stopped by Laurent Brossoit with a rebound.
4:54 of 2nd period - Wrist shot by Rasmus Kupari.
4:54 of 2nd period - Stopped by Linus Ullmark with a rebound.
5:00 of 2nd period - Rasmus Kupari is hit by Mason Marchment and loses puck.
5:13 of 2nd period - Slapshot by Tanner Pearson.
5:13 of 2nd period - Deflect By Cole Sillinger.
5:13 of 2nd period - Shot Blocked by Parker Kelly.
5:13 of 2nd period - Puck is out of play.
5:14 of 2nd period - Parker Kelly wins face-off versus Cole Sillinger in Anaheim Ducks zone.
5:27 of 2nd period - Slapshot by J.T. Compher.
5:27 of 2nd period - Stopped by Laurent Brossoit with a rebound.
6:09 of 2nd period - Wrist shot by Peyton Krebs.
6:09 of 2nd period - Shot Misses the Net.
6:27 of 2nd period - Snap shot by William Nylander.
6:27 of 2nd period - Stopped by Laurent Brossoit with a rebound.
6:37 of 2nd period - Snap shot by John Tavares.
6:37 of 2nd period - Shot Blocked by Jayden Struble.
6:43 of 2nd period - Wrist shot by Tanner Pearson.
6:43 of 2nd period - Shot Misses the Net.
6:45 of 2nd period - Snap shot by Tanner Pearson.
6:45 of 2nd period - Stopped by Linus Ullmark without a rebound.
6:46 of 2nd period - Chandler Stephenson wins face-off versus Fraser Minten in Anaheim Ducks zone.
6:53 of 2nd period - Snap shot by Alex Killorn.
6:53 of 2nd period - Stopped by Laurent Brossoit with a rebound.
7:11 of 2nd period - Jamie Drysdale is hit by Mark Scheifele and loses puck.
7:27 of 2nd period - Icing by Shayne Gostisbehere.
7:28 of 2nd period - Kevin Stenlund wins face-off versus John Tavares in Detroit Red Wings zone.
7:35 of 2nd period - Wrist shot by Raphael Lavoie.
7:35 of 2nd period - Shot Misses the Net.
7:37 of 2nd period - Snap shot by Peyton Krebs.
7:37 of 2nd period - Shot Misses the Net.
7:39 of 2nd period - Snap shot by Peyton Krebs.
7:39 of 2nd period - Stopped by Linus Ullmark with a rebound.
7:41 of 2nd period - Snap shot by Peyton Krebs.
7:41 of 2nd period - Stopped by Linus Ullmark with a rebound.
7:43 of 2nd period - Snap shot by Jamie Drysdale.
7:43 of 2nd period - Shot Blocked by John Tavares.
7:55 of 2nd period - Fraser Minten is hit by Nazem Kadri and loses puck.
8:22 of 2nd period - Snap shot by Cole Sillinger.
8:22 of 2nd period - Goal by Cole Sillinger - Detroit Red Wings : 2 - Anaheim Ducks : 3.
8:23 of 2nd period - Cutter Gauthier wins face-off versus Mark Scheifele in neutral zone.
8:38 of 2nd period - Snap shot by Collin Graf.
8:38 of 2nd period - Deflect By Joshua Morrissey.
8:38 of 2nd period - Stopped by Linus Ullmark without a rebound.
8:39 of 2nd period - John Tavares wins face-off versus Cole Sillinger in Anaheim Ducks zone.
9:11 of 2nd period - Wrist shot by Kevin Stenlund.
9:11 of 2nd period - Shot Blocked by Ivan Provorov.
9:13 of 2nd period - Snap shot by Jayden Struble.
9:13 of 2nd period - Stopped by Linus Ullmark without a rebound.
9:14 of 2nd period - Mark Scheifele wins face-off versus Kevin Stenlund in Anaheim Ducks zone.
9:14 of 2nd period - Mark Scheifele is hit by Peyton Krebs.
9:38 of 2nd period - Jayden Struble is hit by Alex Killorn and loses puck.
9:50 of 2nd period - Icing by Alex Killorn.
9:51 of 2nd period - Chandler Stephenson wins face-off versus Cutter Gauthier in Anaheim Ducks zone.
9:51 of 2nd period - Chandler Stephenson is hit by Fraser Minten.
10:19 of 2nd period - Slapshot by William Nylander.
10:19 of 2nd period - Shot Blocked by Cole Sillinger.
10:23 of 2nd period - Wrist shot by Mark Scheifele.
10:23 of 2nd period - Stopped by Laurent Brossoit with a rebound.
11:29 of 2nd period - Wrist shot by Chandler Stephenson.
11:29 of 2nd period - Shot Misses the Net.
11:31 of 2nd period - Backhand shot by Esa Lindell.
11:31 of 2nd period - Stopped by Laurent Brossoit without a rebound.
11:32 of 2nd period - John Tavares wins face-off versus Cutter Gauthier in Detroit Red Wings zone.
11:43 of 2nd period - Snap shot by Mason Marchment.
11:43 of 2nd period - Deflect By John Tavares.
11:43 of 2nd period - Shot Misses the Net.
11:43 of 2nd period - Puck is out of play.
11:44 of 2nd period - Mark Scheifele wins face-off versus Cutter Gauthier in Detroit Red Wings zone.
11:45 of 2nd period - Wrist shot by William Nylander.
11:45 of 2nd period - Shot Misses the Net.
12:01 of 2nd period - Backhand shot by William Nylander.
12:01 of 2nd period - Shot Misses the Net.
12:13 of 2nd period - Wrist shot by Chandler Stephenson.
12:13 of 2nd period - Stopped by Laurent Brossoit with a rebound.
12:27 of 2nd period - Wrist shot by Cutter Gauthier.
12:27 of 2nd period - Shot Blocked by Alex Killorn.
12:29 of 2nd period - Wrist shot by Fraser Minten.
12:29 of 2nd period - Shot Misses the Net.
12:31 of 2nd period - Snap shot by Fraser Minten.
12:31 of 2nd period - Goal by Fraser Minten - Detroit Red Wings : 3 - Anaheim Ducks : 3.
12:32 of 2nd period - Mark Scheifele wins face-off versus Cole Sillinger in neutral zone.
12:35 of 2nd period - Wrist shot by Nazem Kadri.
12:35 of 2nd period - Shot Blocked by Cole Sillinger.
12:37 of 2nd period - Slapshot by Nazem Kadri.
12:37 of 2nd period - Goal by Nazem Kadri - Detroit Red Wings : 3 - Anaheim Ducks : 4.
12:38 of 2nd period - Mark Scheifele wins face-off versus Cole Sillinger in neutral zone.
13:05 of 2nd period - Brayden Schenn is hit by Cutter Gauthier and loses puck.
13:28 of 2nd period - Snap shot by Chandler Stephenson.
13:28 of 2nd period - Shot Blocked by Kevin Stenlund.
13:34 of 2nd period - Snap shot by Peyton Krebs.
13:34 of 2nd period - Stopped by Linus Ullmark without a rebound.
13:35 of 2nd period - Mark Scheifele wins face-off versus Cole Sillinger in Anaheim Ducks zone.
13:35 of 2nd period - Mark Scheifele is hit by Conor Timmins.
14:05 of 2nd period - Wrist shot by Cutter Gauthier.
14:05 of 2nd period - Shot Blocked by Philip Broberg.
14:08 of 2nd period - Icing by Philip Broberg.
14:09 of 2nd period - Cutter Gauthier wins face-off versus John Tavares in Anaheim Ducks zone.
14:10 of 2nd period - Snap shot by Jackson LaCombe.
14:10 of 2nd period - Deflect By Cutter Gauthier.
14:10 of 2nd period - Shot Blocked by John Tavares.
14:10 of 2nd period - Puck is out of play.
14:11 of 2nd period - Cutter Gauthier wins face-off versus Mark Scheifele in Anaheim Ducks zone.
14:18 of 2nd period - Wrist shot by Cutter Gauthier.
14:18 of 2nd period - Shot Blocked by Brenden Dillon.
14:20 of 2nd period - Snap shot by Fraser Minten.
14:20 of 2nd period - Shot Blocked by Kevin Bahl.
14:22 of 2nd period - Snap shot by Fraser Minten.
14:22 of 2nd period - Stopped by Linus Ullmark with a rebound.
14:24 of 2nd period - Snap shot by Cutter Gauthier.
14:24 of 2nd period - Stopped by Linus Ullmark with a rebound.
14:26 of 2nd period - Snap shot by Fraser Minten.
14:26 of 2nd period - Shot Misses the Net.
14:36 of 2nd period - Jackson LaCombe is hit by Brayden Schenn and loses puck.
15:02 of 2nd period - Cole Sillinger is hit by J.T. Compher and loses puck.
15:23 of 2nd period - Wrist shot by Max Pacioretty.
15:23 of 2nd period - Stopped by Linus Ullmark with a rebound.
15:25 of 2nd period - Wrist shot by Cole Sillinger.
15:25 of 2nd period - Deflect By Max Pacioretty.
15:25 of 2nd period - Stopped by Linus Ullmark with a rebound.
15:27 of 2nd period - Snap shot by Max Pacioretty.
15:27 of 2nd period - Shot Blocked by William Nylander.
15:29 of 2nd period - Snap shot by Max Pacioretty.
15:29 of 2nd period - Deflect By J.T. Compher.
15:29 of 2nd period - Shot Misses the Net.
15:29 of 2nd period - Puck is out of play.
15:30 of 2nd period - Cutter Gauthier wins face-off versus John Tavares in Anaheim Ducks zone.
15:30 of 2nd period - Brenden Dillon and Collin Graf fight to a draw.
15:30 of 2nd period - Penalty to Brenden Dillon for Fighting.
15:30 of 2nd period - Penalty to Collin Graf for Fighting.
15:31 of 2nd period - Cutter Gauthier wins face-off versus Mark Scheifele in Anaheim Ducks zone.
16:20 of 2nd period - Shayne Gostisbehere is hit by Alex Killorn and loses puck.
16:27 of 2nd period - Slapshot by Jackson LaCombe.
16:27 of 2nd period - Stopped by Linus Ullmark without a rebound.
16:28 of 2nd period - Cutter Gauthier wins face-off versus Mark Scheifele in Anaheim Ducks zone.
16:35 of 2nd period - Snap shot by Fraser Minten.
16:35 of 2nd period - Shot Misses the Net.
16:43 of 2nd period - Wrist shot by William Nylander.
16:43 of 2nd period - Shot Misses the Net.
17:23 of 2nd period - Wrist shot by Chandler Stephenson.
17:23 of 2nd period - Stopped by Laurent Brossoit without a rebound.
17:24 of 2nd period - Mark Scheifele wins face-off versus Cutter Gauthier in Detroit Red Wings zone.
17:53 of 2nd period - Slapshot by Cole Sillinger.
17:53 of 2nd period - Shot Misses the Net.
18:01 of 2nd period - Slapshot by Tanner Pearson.
18:01 of 2nd period - Shot Blocked by Ivan Provorov.
18:03 of 2nd period - Slapshot by Max Pacioretty.
18:03 of 2nd period - Stopped by Linus Ullmark with a rebound.
18:10 of 2nd period - Icing by Mason Marchment.
18:11 of 2nd period - Chandler Stephenson wins face-off versus Rasmus Kupari in Anaheim Ducks zone.
18:20 of 2nd period - Wrist shot by Chandler Stephenson.
18:20 of 2nd period - Stopped by Laurent Brossoit with a rebound.
18:26 of 2nd period - Slapshot by Jackson LaCombe.
18:26 of 2nd period - Shot Misses the Net.
19:14 of 2nd period - Philip Broberg is hit by Max Pacioretty and loses puck.
19:27 of 2nd period - Snap shot by Rasmus Kupari.
19:27 of 2nd period - Shot Misses the Net.
19:29 of 2nd period - Snap shot by Rasmus Kupari.
19:29 of 2nd period - Shot Blocked by Philip Broberg.
19:31 of 2nd period - Slapshot by Conor Timmins.
19:31 of 2nd period - Shot Misses the Net.
19:33 of 2nd period - Snap shot by Jayden Struble.
19:33 of 2nd period - Shot Misses the Net.
19:43 of 2nd period - Snap shot by Cutter Gauthier.
19:43 of 2nd period - Stopped by Linus Ullmark with a rebound.
19:45 of 2nd period - Wrist shot by Kevin Stenlund.
19:45 of 2nd period - Shot Misses the Net.
19:47 of 2nd period - Snap shot by Kevin Stenlund.
19:47 of 2nd period - Deflect By Cutter Gauthier.
19:47 of 2nd period - Shot Misses the Net.
19:47 of 2nd period - Puck is out of play.
19:48 of 2nd period - Cutter Gauthier wins face-off versus Chandler Stephenson in Anaheim Ducks zone.
19:55 of 2nd period - Esa Lindell is hit by Cutter Gauthier and loses puck.
Goals for this period are 2 for Detroit Red Wings vs 3 for Anaheim Ducks.
Shots for this period are 18 for Detroit Red Wings vs 12 for Anaheim Ducks.

3rd period


0:01 of 3rd period - Mark Scheifele wins face-off versus Kevin Stenlund in neutral zone.
0:03 of 3rd period - Off-side.
0:04 of 3rd period - Mark Scheifele wins face-off versus Kevin Stenlund in neutral zone.
0:07 of 3rd period - Wrist shot by William Nylander.
0:07 of 3rd period - Shot Blocked by Jamie Drysdale.
0:40 of 3rd period - Snap shot by John Tavares.
0:40 of 3rd period - Stopped by Laurent Brossoit without a rebound.
0:41 of 3rd period - John Tavares wins face-off versus Cutter Gauthier in Detroit Red Wings zone.
0:50 of 3rd period - Wrist shot by Brayden Schenn.
0:50 of 3rd period - Shot Misses the Net.
0:52 of 3rd period - Slapshot by Mason Marchment.
0:52 of 3rd period - Goal by Mason Marchment - Detroit Red Wings : 3 - Anaheim Ducks : 5.
0:53 of 3rd period - Mark Scheifele wins face-off versus Kevin Stenlund in neutral zone.
1:08 of 3rd period - Snap shot by Jackson LaCombe.
1:08 of 3rd period - Stopped by Linus Ullmark without a rebound.
1:09 of 3rd period - John Tavares wins face-off versus Cutter Gauthier in Anaheim Ducks zone.
1:09 of 3rd period - John Tavares is hit by Collin Graf.
1:17 of 3rd period - Wrist shot by Brayden Schenn.
1:17 of 3rd period - Stopped by Laurent Brossoit with a rebound.
1:35 of 3rd period - William Nylander is hit by Peyton Krebs and loses puck.
1:54 of 3rd period - Minor Penalty to Mark Scheifele for Holding.
1:55 of 3rd period - Chandler Stephenson wins face-off versus Cole Sillinger in Anaheim Ducks zone.
3:54 of 3rd period - Penalty to Mark Scheifele is over, Mark Scheifele is back on ice.
4:16 of 3rd period - Shayne Gostisbehere is hit by Kevin Bahl and loses puck.
5:39 of 3rd period - Vasili Podkolzin is hit by Kevin Bahl.
6:05 of 3rd period - Ivan Provorov is hit by Cutter Gauthier and loses puck.
6:52 of 3rd period - Max Pacioretty is hit by Ivan Provorov and loses puck.
7:47 of 3rd period - Parker Kelly is hit by Jackson LaCombe and loses puck.
8:06 of 3rd period - Alex Killorn is hit by Collin Graf.
8:26 of 3rd period - Brayden Schenn is hit by Yakov Trenin and loses puck.
9:09 of 3rd period - Jamie Drysdale is hit by Chandler Stephenson.
9:34 of 3rd period - Mark Scheifele is hit by Max Pacioretty and loses puck.
9:45 of 3rd period - Snap shot by Cole Sillinger.
9:45 of 3rd period - Stopped by Linus Ullmark with a rebound.
10:22 of 3rd period - Brayden Schenn is hit by Kevin Stenlund and loses puck.
10:49 of 3rd period - Conor Timmins is hit by Mark Scheifele.
11:05 of 3rd period - Slapshot by Conor Timmins.
11:05 of 3rd period - Shot Misses the Net.
11:23 of 3rd period - Brenden Dillon is hit by Max Pacioretty.
11:29 of 3rd period - J.T. Compher is hit by Tanner Pearson.
11:47 of 3rd period - Snap shot by Collin Graf.
11:47 of 3rd period - Shot Misses the Net.
11:53 of 3rd period - Chandler Stephenson is hit by Shayne Gostisbehere and loses puck.
12:05 of 3rd period - Minor Penalty to Brenden Dillon for Tripping.
12:06 of 3rd period - Chandler Stephenson wins face-off versus Cole Sillinger in Anaheim Ducks zone.
12:24 of 3rd period - Ivan Provorov is hit by Jamie Drysdale and loses puck.
12:29 of 3rd period - Wrist shot by Cutter Gauthier.
12:29 of 3rd period - Stopped by Linus Ullmark with a rebound.
12:35 of 3rd period - Snap shot by Collin Graf.
12:35 of 3rd period - Stopped by Linus Ullmark with a rebound.
14:05 of 3rd period - Penalty to Brenden Dillon is over, Brenden Dillon is back on ice.
14:17 of 3rd period - Wrist shot by Nazem Kadri.
14:17 of 3rd period - Shot Misses the Net.
14:19 of 3rd period - Slapshot by Ivan Provorov.
14:19 of 3rd period - Stopped by Laurent Brossoit with a rebound.
14:21 of 3rd period - Slapshot by Esa Lindell.
14:21 of 3rd period - Stopped by Laurent Brossoit with a rebound.
14:23 of 3rd period - Snap shot by Alex Killorn.
14:23 of 3rd period - Stopped by Laurent Brossoit without a rebound.
14:24 of 3rd period - Rasmus Kupari wins face-off versus John Tavares in Detroit Red Wings zone.
14:24 of 3rd period - Rasmus Kupari is hit by John Tavares.
14:34 of 3rd period - Snap shot by Rasmus Kupari.
14:34 of 3rd period - Stopped by Linus Ullmark without a rebound.
14:35 of 3rd period - Tanner Pearson wins face-off versus Mark Scheifele in Anaheim Ducks zone.
14:38 of 3rd period - Slapshot by Cole Sillinger.
14:38 of 3rd period - Shot Misses the Net.
15:08 of 3rd period - Shayne Gostisbehere is hit by Brayden Schenn and loses puck.
15:13 of 3rd period - Wrist shot by John Tavares.
15:13 of 3rd period - Shot Misses the Net.
15:42 of 3rd period - Shayne Gostisbehere is hit by Mason Marchment and loses puck.
15:51 of 3rd period - Slapshot by Collin Graf.
15:51 of 3rd period - Stopped by Linus Ullmark with a rebound.
15:53 of 3rd period - Wrist shot by Fraser Minten.
15:53 of 3rd period - Shot Misses the Net.
15:55 of 3rd period - Slapshot by Jackson LaCombe.
15:55 of 3rd period - Deflect By Collin Graf.
15:55 of 3rd period - Shot Misses the Net.
15:55 of 3rd period - Puck is out of play.
15:56 of 3rd period - Kevin Stenlund wins face-off versus Mark Scheifele in Anaheim Ducks zone.
16:26 of 3rd period - Wrist shot by Cole Sillinger.
16:26 of 3rd period - Shot Misses the Net.
16:28 of 3rd period - Snap shot by Ryan Graves.
16:28 of 3rd period - Stopped by Linus Ullmark without a rebound.
16:29 of 3rd period - Mason Marchment wins face-off versus Cutter Gauthier in Anaheim Ducks zone.
16:44 of 3rd period - Wrist shot by Mason Marchment.
16:44 of 3rd period - Shot Misses the Net.
16:54 of 3rd period - Wrist shot by Brayden Schenn.
16:54 of 3rd period - Stopped by Laurent Brossoit with a rebound.
16:56 of 3rd period - Snap shot by Mason Marchment.
16:56 of 3rd period - Shot Misses the Net.
16:58 of 3rd period - Slapshot by Esa Lindell.
16:58 of 3rd period - Shot Blocked by Cutter Gauthier.
17:00 of 3rd period - Slapshot by Brayden Schenn.
17:00 of 3rd period - Stopped by Laurent Brossoit without a rebound.
17:01 of 3rd period - Mark Scheifele wins face-off versus Kevin Stenlund in Detroit Red Wings zone.
17:22 of 3rd period - Minor Penalty to Nazem Kadri for Holding.
17:23 of 3rd period - Chandler Stephenson wins face-off versus Cole Sillinger in Anaheim Ducks zone.
19:22 of 3rd period - Penalty to Nazem Kadri is over, Nazem Kadri is back on ice.
19:55 of 3rd period - Conor Timmins is hit by Mason Marchment and loses puck.
Goals for this period are 0 for Detroit Red Wings vs 1 for Anaheim Ducks.
Shots for this period are 7 for Detroit Red Wings vs 8 for Anaheim Ducks.